 Dungeon Crawl Stone Soup version 0.27-a0-1378-gdefffd1ff6 (webtiles) character file.

Game seed: 11136572555676550227

19 funkygono the Firebug (level 2, 0/20 HPs)
             Began as a Gnoll Fire Elementalist on June 29, 2021.
             Slain by a hobgoblin (4 damage)
             ... on level 1 of the Dungeon.
             The game lasted 00:01:12 (462 turns).

funkygono the Firebug (Gnoll Fire Elementalist)      Turns: 462, Time: 00:01:13

Health: 0/20       AC:  2    Str:  7    XL:     2   Next: 75%
Magic:  7/7        EV: 13    Int: 14    God:
Gold:   11         SH:  0    Dex: 12    Spells: 9/10 levels left

rFire    . . .     SeeInvis .   d - +0 mace
rCold    . . .     Faith    .   (no shield)
rNeg     . . .     Spirit   .   a - +0 robe
rPois    .         Reflect  .   (no helmet)
rElec    .         Harm     .   (no cloak)
rCorr    .         Rampage  .   (no gloves)
Will     .....                  (no boots)
Stlth    ++........             (no amulet)
HPRegen  0.06/turn              (no ring)
MPRegen  0.10/turn              (no ring)

@: no status effects
A: fangs 1, strong nose, distributed training
a: no special abilities


You were on level 1 of the Dungeon.
You visited 1 branch of the dungeon, and saw 1 of its levels.

You collected 11 gold pieces.

Inventory:

Hand Weapons
 d - a +0 mace (weapon)
Armour
 a - a +0 robe (worn)
Potions
 c - a potion of resistance {unknown}


   Skills:
 + Level 0.5 Fighting
 + Level 0.5 Short Blades
 + Level 0.5 Long Blades
 + Level 0.5 Axes
 + Level 0.5 Maces & Flails
 + Level 0.5 Polearms
 + Level 0.5 Staves
 + Level 0.5 Slings
 + Level 0.5 Bows
 + Level 0.5 Crossbows
 + Level 0.5 Throwing
 + Level 0.5 Armour
 + Level 4.5 Dodging
 + Level 4.1 Stealth
 + Level 0.5 Shields
 + Level 0.5 Unarmed Combat
 + Level 4.9 Spellcasting
 + Level 2.0 Conjurations
 + Level 0.3 Hexes
 + Level 0.3 Summonings
 + Level 0.3 Necromancy
 + Level 0.3 Translocations
 + Level 0.3 Transmutations
 + Level 5.3 Fire Magic
 + Level 0.3 Ice Magic
 + Level 0.3 Air Magic
 + Level 0.3 Earth Magic
 + Level 0.3 Poison Magic
 + Level 0.6 Invocations
 + Level 0.5 Evocations


You had 9 spell levels left.
You knew the following spells:

 Your Spells              Type           Power      Damage    Failure   Level
a - Foxfire               Conj/Fire      52%        2x1d6     3%          1

Your spell library contained the following spells:

 Spells                   Type           Power      Damage    Failure   Level
 Conjure Flame            Conj/Fire      13%        6-21      12%         3
 Inner Flame              Hex/Fire       11%        N/A       16%         3
 Sticky Flame             Conj/Fire      13%        2d4       36%         4
 Fireball                 Conj/Fire      6%         3d5       71%         5


Dungeon Overview and Level Annotations

Branches:
Dungeon (1/15)

Altars:

Shops:
D:1 *


Innate Abilities, Weirdness & Mutations

You have very sharp teeth.
Your uncanny sense of smell can sniff out nearby items.
Your experience applies equally to all skills.


Message History

Confirm with . or Enter, or press ? or * to list all spells.
You miscast Foxfire.
You are very lightly contaminated with residual magic.
Nothing appears to happen.
Casting: Foxfire (safe; 3% risk of failure)
Confirm with . or Enter, or press ? or * to list all spells.
You conjure some foxfire!
A hobgoblin comes into view.
The foxfire hits the goblin.
The goblin is heavily wounded.
The goblin shouts!
A ball python comes into view.
The goblin hits you with a +0 club.
Your magical contamination has completely faded away.
You closely miss the goblin.
The goblin is heavily wounded.
The goblin hits you but does no damage. The goblin hits you with a +0 club.
You hit the goblin.
You kill the goblin!
You closely miss the hobgoblin.
The ball python hisses angrily.
The hobgoblin closely misses you. The hobgoblin barely misses you.
You hit the hobgoblin but do no damage. The hobgoblin barely misses you.
You closely miss the hobgoblin. The hobgoblin barely misses you.
You hit the hobgoblin but do no damage.
The hobgoblin hits you but does no damage.
The hobgoblin barely misses you.
You hit the hobgoblin but do no damage. The hobgoblin barely misses you.
You hit the hobgoblin but do no damage. The hobgoblin hits you.
You hit the hobgoblin.
The hobgoblin is heavily wounded.
The hobgoblin barely misses you. x2
You closely miss the hobgoblin.
The hobgoblin is heavily wounded.
The hobgoblin hits you.
* * * LOW HITPOINT WARNING * * *
You barely miss the hobgoblin.
The hobgoblin is heavily wounded.
The hobgoblin barely misses you. The hobgoblin hits you.
You die...

##..§..###.###.####.####
#....§## ##.............
#.####.###.##...###.###.
#.# ##.#.....#(........
#.# #....##...###.##..
#.# #.#..###.####.#...
..# #.#..# #.†§.......
### #.# .# ######)#...
#@# .# #.##.. #g# #
#..... .S# #####. ..(?
### #. ..... ..# #.
..##### #.# #. ##. #.#
#. # #.########.
#.#........


You could see a hobgoblin and a ball python.

Vanquished Creatures
  A dart slug (D:1)
  2 bats (D:1)
  3 endoplasms (D:1)
  A giant cockroach (D:1)
  3 goblins (D:1)
  A quokka (D:1)
  2 ball pythons (D:1)
  2 rats (D:1)
15 creatures vanquished.

Vanquished Creatures (others)
  30 foxfires (D:1)
30 creatures vanquished.

Grand Total: 45 creatures vanquished

Notes
Turn   | Place    | Note
-------+----------+-------------------------------------------
     0 | D:1      | funkygono the Gnoll Fire Elementalist began the quest for
                  | the Orb.
     0 | D:1      | Reached XP level 1. HP: 13/13 MP: 6/6
     2 | D:1      | Noticed a minotaur
     2 | D:1      | Noticed a ghoul
     4 | D:1      | Noticed a palentonga
     4 | D:1      | Noticed a tengu
     6 | D:1      | Noticed a demigod
     6 | D:1      | Noticed an elf
     8 | D:1      | Noticed a barachi
     8 | D:1      | Noticed a merfolk
    10 | D:1      | Noticed a spriggan
    10 | D:1      | Noticed a naga
    12 | D:1      | Noticed a demonspawn
    12 | D:1      | Noticed an octopode
    14 | D:1      | Noticed a draconian
    14 | D:1      | Noticed an ogre
    16 | D:1      | Noticed a vampire
    16 | D:1      | Noticed a dwarf
    18 | D:1      | Noticed a felid
    22 | D:1      | Noticed a gargoyle
    22 | D:1      | Noticed a troll
    24 | D:1      | Noticed a formicid
    24 | D:1      | Noticed a human
    26 | D:1      | Noticed a vine stalker
    26 | D:1      | Noticed a djinni
    93 | D:1      | Reached XP level 2. HP: 19/19 MP: 4/7
   218 | D:1      | Found Biehokko's General Store.
   462 | D:1      | Slain by a hobgoblin

Illustrated notes

Levels and vault maps discovered:
D:1:      kb_arrival_jail, layout_loops_ring, serial_shops, nicolae_shop_trees

Skill      XL: |  1 |
---------------+----+-----
Conjurations   | 2 |  2.0
Fighting       | |  0.5
Short Blades   | |  0.5
Long Blades    | |  0.5
Axes           | |  0.5
Maces & Flails | |  0.5
Polearms       | |  0.5
Staves         | |  0.5
Slings         | |  0.5
Bows           | |  0.5
Crossbows      | |  0.5
Throwing       | |  0.5
Armour         | |  0.5
Dodging        | |  4.5
Stealth        | |  4.1
Shields        | |  0.5
Unarmed Combat | |  0.5
Spellcasting   | |  4.9
Hexes          | |  0.3
Summonings     | |  0.3
Necromancy     | |  0.3
Translocations | |  0.3
Transmutations | |  0.3
Fire Magic     | |  5.3
Ice Magic      | |  0.3
Air Magic      | |  0.3
Earth Magic    | |  0.3
Poison Magic   | |  0.3
Invocations    | |  0.6
Evocations     | |  0.5

Action                   || total
-------------------------++-------
Melee: Hand axe          ||     7
       Bite              ||     2
       Mace              ||    11
 Cast: Foxfire           ||    21
Armor: Robe              ||     2
Dodge: Dodged            ||    17

Table legend: (Time is in decaauts)
 A = Elapsed time spent in this place.
 B = Non-inter-level travel time spent in this place.
 C = Inter-level travel time spent in this place.
 D = Time resting spent in this place.
 E = Time spent auto-exploring this place.
 F = Levels seen in this place.
 G = Mean time per level.
                   A        B        C        D        E       F      G
               +--------+--------+--------+--------+--------+-----+--------+
         Total |    466 |    466 |      0 |      0 |    358 |   1 |  466.0 |
       Dungeon |    466 |    466 |      0 |      0 |    358 |   1 |  466.0 |
               +--------+--------+--------+--------+--------+-----+--------+

Top non-repeatable levels by time:
     D:1: 466 daAuts
